 Dungeon Crawl Stone Soup version 0.22.1-2-g9c5b331 (webtiles) character file.

10298 tognito the Severer (level 11, -14/123 HPs)
             Began as a Minotaur Berserker on Dec 21, 2018.
             Was a High Priest of Trog.
             Demolished by Urug
             ... wielding a +0 eveningstar of protection
              (20 damage)
             ... on level 10 of the Dungeon.
             The game lasted 00:22:42 (9141 turns).

tognito the Severer (Minotaur Berserker)            Turns: 9141, Time: 00:22:43

Health: -14/123    AC: 14    Str: 30    XL:     11   Next: 34%
Magic:  10/10      EV: 11    Int:  2    God:    Trog [*****.]
Gold:   530        SH:  0    Dex: 10    Spells: 10/10 levels left

rFire    + . .     SeeInvis .   a - +6 battleaxe
rCold    x . .     Gourm    .   (shield currently unavailable)
rNeg     . . .     Faith    .   x - +5 chain mail of Maqu {rCorr}
rPois    .         Spirit   .   d - +1 hat
rElec    .         Reflect  .   (no cloak)
rCorr    +         Harm     .   (no gloves)
MR       .....                  (no boots)
Stlth    ..........             (no amulet)
HPRegen  0.30/turn              h - ring of fire
MPRegen  0.12/turn              (no ring)

@: berserking, very quick
A: retaliatory headbutt, horns 2, repulsion field 1, dopey 1
a: Berserk, Trog's Hand, Brothers in Arms, Renounce Religion


You were on level 10 of the Dungeon.
You worshipped Trog.
Trog was extremely pleased with you.
You were very hungry.

You visited 1 branch of the dungeon, and saw 10 of its levels.

You collected 530 gold pieces.

Inventory:

Hand Weapons
 a - a +6 battleaxe (weapon)
 b - a +0 shortbow
 l - a +2 antimagic war axe
Missiles
 e - 133 bolts
 f - 160 arrows
Armour
 d - a +1 hat (worn)
 s - a +1 plate armour
 x - the +5 chain mail of Maqu (worn) {rCorr}
   (You found it on level 10 of the Dungeon)

   It provides partial protection from all sources of acid and corrosion.
Jewellery
 h - a ring of fire (left hand)
Wands
 t - a wand of random effects (29)
 u - a wand of enslavement (7)
 v - a wand of scattershot (8)
 w - a wand of paralysis (9)
Scrolls
 g - 4 scrolls of remove curse
 j - 7 scrolls of identify
 k - 3 scrolls of blinking
 o - 5 scrolls of teleportation
 r - 2 scrolls of magic mapping
 y - a scroll of fear
Potions
 i - 5 potions of flight
 m - a potion of might
 p - 2 potions of heal wounds
 q - 2 potions of curing
 z - a potion of haste
 A - a potion of cancellation
 B - a potion of berserk rage {unknown}
Miscellaneous
 n - a crystal ball of energy
Comestibles
 c - 24 rations


   Skills:
 - Level 3.6 Fighting
 + Level 17.6 Axes
 + Level 9.3 Bows
 - Level 2.4 Armour
 - Level 2.1 Dodging


You had 10 spell levels left.
You didn't know any spells.
Your spell library contained the following spells:

 Spells                   Type           Power        Failure   Level  Hunger
 Magic Dart               Conj           #...         98%         1    ##.....
 Searing Ray              Conj           #.....       99%         2    ###....
 Dazzling Spray           Conj/Hex       #.....       100%        3    ####...
 Force Lance              Conj/Tloc      #.......     100%        4    #####..
 Fulminant Prism          Conj/Hex       #.........   100%        4    #####..
 Iskenderun's Mystic Bla  Conj           #.......     100%        4    #####..


Dungeon Overview and Level Annotations

Branches:
Dungeon (10/15)            Temple (0/1) D:5            Lair (0/6) D:10
    Orc: D:9-12

Altars:
Cheibriados
Elyvilon
Gozag
Nemelex Xobeh
Ru
Sif Muna
Uskayaw
Zin
The Shining One
Beogh

Annotations:
D:10 Urug


Innate Abilities, Weirdness & Mutations

You reflexively headbutt those who attack you in melee.
You have a pair of horns on your head.
You are surrounded by a mild repulsion field. (EV +2)
You are dopey. (Int -2)


Message History

* * * LOW HITPOINT WARNING * * *
You slash Urug! You headbutt Urug.
Urug is heavily wounded.
A red film seems to cover your vision as you go berserk!
You feel yourself moving faster!
You feel mighty!
You are feeling very hungry.
Urug hits you with an eveningstar of protection!!
* * * LOW HITPOINT WARNING * * *
Your chain mail of Maqu prevents you from hitting Urug.
Urug is heavily wounded.
Urug hits you with an eveningstar of protection.
* * * LOW HITPOINT WARNING * * *
You hit Urug but do no damage.
Urug is heavily wounded.
You barely miss Urug. Your headbutt misses Urug.
Urug is heavily wounded.
You barely miss Urug.
Urug is heavily wounded.
Urug hits you with an eveningstar of protection!!
You die...

########### ########
#......... #..)..>.
#........# #.).#...
#........# #.))#...
#.....o..# #...#...
#.....@..# #...#...
#........# .##...#...
#......(.# .##...#...
#......(.# #.##...#...
#......(.# #.##...#...
#......(.# #.##..?#...
#.......(####.##...#...
...............##...#...
...........##..##...#...


You could see Urug.

Vanquished Creatures
  A two-headed ogre (D:10)
  Erica (D:10)
  An orc high priest (D:10)
  Pikel (D:5)
  An oklob plant (D:10)
  An orc sorcerer (D:10)
  A troll (D:10)
  The ghost of RoboWizard the Cudgeler, an amateur DrBe of Trog (D:5)
  Prince Ribbit (D:6)
  2 hippogriffs
  A wyvern (D:6)
  A hungry ghost (D:10)
  3 water moccasins
  7 orc warriors
  3 ice beasts
  A sky beast (D:6)
  A necrophage (D:10)
  2 black bears (D:8)
  8 ogres
  2 phantoms
  2 centaurs
  Blork the orc (D:6)
  A big kobold (D:8)
  2 bullfrogs
  A scorpion (D:8)
  4 killer bees
  22 wights
  A howler monkey (D:7)
  An electric eel (D:6)
  A centaur zombie (D:5)
  5 crimson imps
  3 orc priests
  3 quasits
  2 gnoll shamans
  2 bullfrog skeletons
  4 hounds
  17 orc wizards
  2 centaur skeletons (D:5)
  Ijyb (D:5)
  2 iguanas (D:10)
  7 worker ants
  4 hound zombies
  A hound skeleton (D:6)
  A worker ant zombie (D:5)
  12 adders
  14 gnolls
  5 oozes
  An adder zombie (D:5)
  3 worms
  6 leopard geckos
  59 orcs
  6 bats
  A giant cockroach (D:3)
  6 goblins
  8 hobgoblins
  7 jackals
  15 kobolds
  5 quokkas
  2 ball pythons
  4 frilled lizards
  A jackal skeleton (D:5)
  7 rats
292 creatures vanquished.

Vanquished Creatures (others)
  A leopard gecko (D:5)
1 creature vanquished.

Grand Total: 293 creatures vanquished

Notes
Turn   | Place    | Note
-------+----------+-------------------------------------------
     0 | D:1      | tognito the Minotaur Berserker began the quest for the Orb.
     0 | D:1      | Reached XP level 1. HP: 19/19 MP: 0/0
   182 | D:1      | Reached skill level 4 in Axes
   188 | D:1      | Reached XP level 2. HP: 25/26 MP: 1/1
   275 | D:1      | Found a sparkling altar of Nemelex Xobeh.
   309 | D:1      | Gained mutation: You are dopey. (Int -2) [potion of
                  | mutation]
   309 | D:1      | Gained mutation: You are surrounded by a mild repulsion
                  | field. (EV +2) [potion of mutation]
   493 | D:2      | Reached skill level 5 in Axes
   502 | D:2      | Reached XP level 3. HP: 28/31 MP: 2/2
   881 | D:2      | Found a hide-covered altar of Uskayaw.
   991 | D:3      | Reached ** piety under Trog
  1016 | D:3      | Reached skill level 6 in Axes
  1016 | D:3      | Reached XP level 4. HP: 39/39 MP: 3/3
  1187 | D:3      | Found a white marble altar of Elyvilon.
  1196 | D:3      | Found a deep blue altar of Sif Muna.
  1551 | D:4      | Reached XP level 5. HP: 41/45 MP: 4/4
  1554 | D:4      | Reached skill level 7 in Axes
  1647 | D:4      | Noticed an ogre
  1654 | D:4      | Killed an ogre
  1654 | D:4      | Reached skill level 8 in Axes
  1929 | D:4      | Reached XP level 6. HP: 44/51 MP: 5/5
  2155 | D:4      | Reached *** piety under Trog
  2211 | D:4      | Reached skill level 9 in Axes
  2254 | D:4      | Found an opulent altar of Gozag.
  2357 | D:4      | Reached XP level 7. HP: 57/57 MP: 6/6
  2742 | D:4      | Reached skill level 10 in Axes
  2901 | D:5      | Entered Level 5 of the Dungeon
  2901 | D:5      | Noticed Ijyb
  2930 | D:5      | Killed Ijyb
  2938 | D:5      | Found a staircase to the Ecumenical Temple.
  3162 | D:5      | Reached skill level 11 in Axes
  3264 | D:5      | Found a runed gate.
  3325 | D:5      | Reached XP level 8. HP: 64/64 MP: 7/7
  3442 | D:5      | Found a sacrificial altar of Ru.
  3498 | D:5      | Reached skill level 12 in Axes
  3603 | D:5      | Noticed Pikel
  3612 | D:5      | Killed Pikel
  3612 | D:5      | Reached skill level 13 in Axes
  3799 | D:5      | Reached **** piety under Trog
  3821 | D:5      | Reached XP level 9. HP: 62/70 MP: 8/8
  4081 | D:5      | Found a runed gate.
  4084 | D:5      | Found a runed gate.
  4088 | D:5      | Noticed RoboWizard's ghost (amateur DrBe)
  4096 | D:5      | Killed RoboWizard's ghost
  4096 | D:5      | Reached skill level 14 in Axes
  4126 | D:5      | Found a glowing golden altar of the Shining One.
  4412 | D:6      | Reached skill level 15 in Axes
  4840 | D:6      | Noticed Blork the orc
  4849 | D:6      | Killed Blork the orc
  4883 | D:6      | Noticed Prince Ribbit
  4886 | D:6      | Killed Prince Ribbit
  5586 | D:7      | Reached skill level 16 in Axes
  5702 | D:7      | Reached skill level 1 in Bows
  5719 | D:7      | Reached ***** piety under Trog
  5726 | D:7      | Reached XP level 10. HP: 53/77 MP: 9/9
  6830 | D:8      | Reached skill level 5 in Bows
  6881 | D:8      | Found a snail-covered altar of Cheibriados.
  6881 | D:8      | Found a glowing silver altar of Zin.
  8061 | D:10     | Entered Level 10 of the Dungeon
  8147 | D:10     | Found a transporter.
  8151 | D:10     | Found a roughly hewn altar of Beogh.
  8152 | D:10     | Noticed an orc high priest
  8156 | D:10     | Noticed an orc sorcerer
  8159 | D:10     | Noticed a two-headed ogre
  8165 | D:10     | Killed an orc sorcerer
  8165 | D:10     | Received a gift from Trog
  8170 | D:10     | Killed a two-headed ogre
  8177 | D:10     | Noticed an orange demon
  8180 | D:10     | Killed an orc high priest
  8180 | D:10     | Reached skill level 17 in Axes
  8180 | D:10     | Reached XP level 11. HP: 72/82 MP: 10/10
  8192 | D:10     | Got a bloodstained chain mail
  8203 | D:10     | Identified the +5 chain mail of Maqu {rCorr} (You found it
                  | on level 10 of the Dungeon)
  8280 | D:10     | Found a transporter.
  8301 | D:10     | Found a staircase to the Lair.
  8302 | D:10     | Noticed an oklob plant
  8391 | D:10     | Noticed Erica
  8408 | D:10     | Killed Erica
  9102 | D:10     | Killed an oklob plant
  9121 | D:10     | Noticed Urug
  9137 | D:10     | HP: 6/123 [Urug/eveningstar of protection (28)]
  9141 | D:10     | Demolished by Urug

Skill      XL: |  1  2  3  4  5  6  7  8  9 10 11 |
---------------+----------------------------------+-----
Axes           | 4 5 6 8 9 11 13 16 17 | 17.6
Bows           | 1 8 9 |  9.3
Fighting       | |  3.6
Armour         | |  2.4
Dodging        | |  2.1

Action                   |  1- 3 |  4- 6 |  7- 9 | 10-12 || total
-------------------------+-------+-------+-------+-------++-------
Melee: Hand axe          |    53 |    52 |       |       ||   105
       Headbutt          |     7 |     9 |    61 |    41 ||   118
       War axe           |       |    36 |   302 |   116 ||   454
       Battleaxe         |       |       |       |   113 ||   113
 Fire: Shortbow          |       |       |    21 |    98 ||   119
Invok: Berserk           |       |     1 |     1 |     2 ||     4
  Use: Potion            |     4 |     2 |     6 |     1 ||    13
       Scroll            |       |     2 |     6 |     4 ||    12
  Eat: Chunk             |       |     5 |    11 |    14 ||    30
Armor: Animal skin       |     5 |       |       |       ||     5
       Chain mail        |    17 |    26 |       |    35 ||    78
       Plate armour      |       |    23 |   158 |    75 ||   256
Dodge: Dodged            |    38 |    51 |   137 |   110 ||   336
